 Dungeon Crawl Stone Soup version 0.28.0-53-g5a82cb258f (webtiles) character file.

Game seed: 18353118562971897864

7266 nickcage the Arsonist (level 10, 0/56 HPs)
             Began as a Deep Elf Fire Elementalist on May 24, 2022.
             Was a Follower of Vehumet.
             Slain by a dire elephant (21 damage)
             ... on level 1 of the Lair of Beasts.
             The game lasted 00:51:05 (10182 turns).

nickcage the Arsonist (Deep Elf Fire Elementalist) Turns: 10182, Time: 00:51:07

Health: 0/56       AC: 10    Str:  5    XL:     10   Next: 89%
Magic:  19/27      EV: 16    Int: 25    God:    Vehumet [*.....]
Gold:   480        SH:  0    Dex: 15    Spells: 17/31 levels left

rFire   . . .      SeeInvis .   d - +4 war axe (venom)
rCold   . . .      Faith    .   (no shield)
rNeg    . . .      Spirit   .   a - +2 robe
rPois   +          Reflect  .   (no helmet)
rElec   .          Harm     .   B - scarf {+Inv}
rCorr   .          Rampage  .   r - +2 pair of gloves
Will    +....                   y - +2 pair of boots {Stlth+}
Stlth   +++.......              j - amulet of magic regeneration
HPRegen 0.18/turn               F - +4 ring of evasion
MPRegen 0.60/turn               C - ring of poison resistance

@: no status effects
A: no striking features
a: Renounce Religion, Evoke Invisibility


You were on level 1 of the Lair of Beasts.
You worshipped Vehumet.
Vehumet was aware of your devotion.
You visited 3 branches of the dungeon, and saw 12 of its levels.
You also visited: Ossuary.

You collected 480 gold pieces.

Inventory:

Hand Weapons
 d - a +4 war axe of venom (weapon)
 f - a +1 dagger of electrocution
Missiles
 E - a throwing net
Armour
 a - a +2 robe (worn)
 r - a +2 pair of gloves (worn)
 y - a +2 pair of boots of stealth (worn)
 B - a scarf of invisibility (worn)
Jewellery
 g - a ring of positive energy
 j - an amulet of magic regeneration (around neck)
 C - a ring of poison resistance (right hand)
 F - a +4 ring of evasion (left hand)
Wands
 i - a wand of flame (17)
 u - a wand of iceblast (11)
 D - a wand of polymorph (2)
Scrolls
 m - 3 scrolls of teleportation
 n - a scroll of amnesia
 s - 2 scrolls of enchant weapon
 w - a scroll of enchant armour
 A - a scroll of blinking
 H - 3 scrolls of identify
Potions
 b - a potion of might
 c - 4 potions of invisibility
 e - 6 potions of attraction
 h - 3 potions of heal wounds
 k - 2 potions of flight
 l - a potion of lignification
 p - 6 potions of degeneration
 q - 2 potions of haste
 t - 4 potions of curing
 x - 2 potions of resistance
 z - 2 potions of berserk rage
 G - a potion of mutation


   Skills:
 - Level 3.1 Fighting
 - Level 2.4 Dodging
 - Level 2.4 Stealth
 - Level 11.1 Spellcasting
 * Level 5.9 Conjurations
 + Level 13.2 Fire Magic
 * Level 2.8 Air Magic
 - Level 3.0 Poison Magic
 - Level 3.3 Evocations


You had 17 spell levels left.
You knew the following spells:

 Your Spells              Type           Power      Damage    Failure   Level
a - Flame Wave            Conj/Fire      58%        2d11      1%          4
b - Scorch                Fire           100%       2d10      1%          2
c - Conjure Flame         Conj/Fire      58%        6-21      1%          3
d - Searing Ray           Conj           86%        2d7       1%          2
e - Poisonous Vapours     Pois/Air       56%        N/A       1%          2
f - Magic Dart            Conj           100%       1d8       1%          1

Your spell library contained the following spells:

 Spells                   Type           Power      Damage    Failure   Level
 Freeze                   Ice            52%        1d7       4%          1
 Foxfire                  Conj/Fire      100%       2x1d9     1%          1
 Inner Flame              Hex/Fire       47%        N/A       1%          3
 Corpse Rot               Necr/Air       42%        N/A       3%          2
 Animate Skeleton         Necr           26%        N/A       4%          1
 Pain                     Necr           52%        1d6       4%          1
 Sublimation of Blood     Necr           13%        N/A       7%          2
 Wereblood                Tmut           13%        N/A       7%          2
 Call Canine Familiar     Summ           13%        N/A       13%         3
 Portal Projectile        Hex/Tloc       26%        N/A       13%         3
 Vampiric Draining        Necr           13%        2d6       13%         3
 Fulminant Prism          Conj/Hex       14%        3d9       13%         4
 Leda's Liquefaction      Hex/Erth       6%         N/A       41%         4
 Summon Hydra             Summ           6%         N/A       100%        7


Dungeon Overview and Level Annotations

Branches:
Dungeon (10/15)            Temple (1/1) D:7            Lair (1/6) D:9
Ossuary (visited)
    Orc: D:9-12

Altars:
Ashenzari
Cheibriados
Dithmenos
Elyvilon
Fedhas
Gozag
Hepliaklqana
Kikubaaqudgha
Nemelex Xobeh
Okawaru
Qazlal
Sif Muna
Trog
Uskayaw
Vehumet
Wu Jian
Xom
Yredelemnul
Zin
The Shining One

Shops:
D:4 (   D:6 (

Annotations:
D:4 2 transporters
D:8 Joseph, Maggie
D:10 2 runed translucent doors


Message History

The dire elephant trumpets! x2; You hear an angry buzzing noise.
You hear an angry growl.
The wolf barely misses you.
Flames lash the wolf.
The wolf is burned terribly!
You kill the wolf!
Vehumet accepts your kill.
You feel your power returning.
You hear an angry hiss.
The electric eel shoots out a bolt of lightning at you!
The bolt of electricity hits you. The bolt of electricity hits you!
The electric eel shoots out a bolt of lightning at you!
The bolt of electricity hits you.
The hornet buzzes angrily.
The electric eel shoots out a bolt of lightning at you!
The bolt of electricity misses you.
You start resting.
A dire elephant is nearby!
You see here a bullfrog corpse.
The magic dart hits the dire elephant but does no damage.
The magic dart hits the dire elephant.
The dire elephant is lightly wounded.
Casting: Magic Dart (safe; 1% risk of failure)
Confirm with . or Enter, or press ? or * to list all spells.
The fire begins to smoulder!
The fire ignites!
Flames lash the dire elephant but do no damage.
Flames lash the dire elephant.
The dire elephant is lightly wounded.
The dire elephant's fire resistance burns away.
Flames lash the dire elephant.
The dire elephant is burned terribly!
The dire elephant is moderately wounded.
The dire elephant is engulfed in blazing flames.
The dire elephant tramples you!!
You stumble backwards!
You are too injured to fight recklessly!
Casting: Scorch (safe; 1% risk of failure)
Press: ? - help, Q - select action, (/) - cycle Dir - look around, f - activate Flames lash the dire elephant.
The dire elephant is heavily wounded.
The dire elephant tramples you!!
You die...

.........## ##.........##
..........## #.............
...........# #............#
..........#####..........##
............P#...........#
........................##
..............ยง########.#
............###Y.### ##
##..........# ##@.P##
##.........# ##...#
#####.....# ##..# #..#.###
#### ###.## ##


You could see a dire elephant (combustible).

Vanquished Creatures
  Harold (D:8)
  Erolcha (D:9)
  A two-headed ogre (D:9)
  3 cane toads (Lair:1)
  A kobold demonologist (D:9)
  A komodo dragon (Lair:1)
  A vampire (D:10)
  3 water moccasins
  An ogre (D:7)
  3 sky beasts
  3 black bears
  An ice beast (D:8)
  A centaur (D:3)
  2 wolves (Lair:1)
  A kobold brigand (D:9)
  4 bullfrogs
  3 elf zombies (Ossuary)
  A gnoll sergeant (D:9)
  4 scorpions
  10 killer bees (D:7)
  An electric eel (Lair:1)
  2 bullfrog zombies (D:7)
  4 centaur zombies (Ossuary)
  5 hounds
  A jelly (D:7)
  3 centaur skeletons
  6 human zombies
  4 orc priests
  2 bullfrog skeletons (D:6)
  2 human skeletons (D:5)
  An iguana (D:6)
  5 orc wizards
  A hound skeleton (D:5)
  3 mummies (Ossuary)
  Robin (D:3)
  8 gnolls
  12 adders
  2 river rats (D:3)
  A shadow imp (D:5)
  A white imp (D:3)
  An adder skeleton (D:5)
  3 worms
  3 dart slugs
  24 orcs
  5 endoplasms
  5 giant cockroaches
  9 hobgoblins
  11 jackals
  11 kobolds
  3 quokkas
  9 ball pythons
  3 bats
  4 frilled lizards
  17 goblins
  3 orc skeletons (D:5)
  2 quokka skeletons (D:4)
  5 rats
229 creatures vanquished.

Vanquished Creatures (others)
  22 foxfires (D:1)
  A fungus (D:3)
  2 plants (D:3)
25 creatures vanquished.

Grand Total: 254 creatures vanquished

Notes
Turn   | Place    | Note
-------+----------+-------------------------------------------
     0 | D:1      | nickcage the Deep Elf Fire Elementalist began the quest for
                  | the Orb.
     0 | D:1      | Reached XP level 1. HP: 10/10 MP: 6/6
   366 | D:1      | Reached XP level 2. HP: 5/15 MP: 2/8
   369 | D:1      | Learned a level 2 spell: Scorch
   973 | D:1      | Found a faded altar of an unknown god.
   999 | D:1      | Reached skill level 4 in Fire Magic
  1511 | D:2      | Reached XP level 3. HP: 9/19 MP: 1/9
  1515 | D:2      | Learned a level 3 spell: Conjure Flame
  2063 | D:2      | Reached skill level 5 in Fire Magic
  2117 | D:2      | Reached XP level 4. HP: 24/24 MP: 7/10
  3345 | D:3      | Learned a level 4 spell: Flame Wave
  3492 | D:3      | Reached XP level 5. HP: 26/28 MP: 1/12
  3875 | D:3      | Noticed a centaur
  3880 | D:3      | Killed a centaur
  3881 | D:3      | Reached skill level 5 in Spellcasting
  3881 | D:3      | Reached skill level 6 in Fire Magic
  3881 | D:3      | Reached XP level 6. HP: 17/32 MP: 8/15
  4203 | D:3      | Noticed Robin
  4217 | D:3      | Killed Robin
  4358 | D:3      | Found a blossoming altar of Fedhas.
  4592 | D:3      | Found a broken altar of Ashenzari.
  4596 | D:3      | Saw a vision of the Swamp and the Spider Nest.
  4596 | D:3      | Noticed an alligator
  4596 | D:3      | Noticed an alligator
  4596 | D:3      | Noticed a wolf spider
  4596 | D:3      | Noticed a wolf spider
  4596 | D:3      | Noticed a hornet
  4596 | D:3      | Noticed a wolf spider
  4596 | D:3      | Noticed a redback
  4596 | D:3      | Noticed a wolf spider
  4596 | D:3      | Noticed a redback
  4598 | D:3      | Noticed an alligator
  4599 | D:3      | Noticed a will-o-the-wisp
  4599 | D:3      | Noticed a will-o-the-wisp
  4832 | D:4      | Found Redisabbiv's Antique Weapon Boutique.
  4943 | D:4      | Reached skill level 7 in Fire Magic
  4956 | D:4      | Reached XP level 7. HP: 36/36 MP: 15/18
  5059 | D:4      | Found a transporter.
  5077 | D:4      | Found a glowing silver altar of Zin.
  5211 | D:4      | Found a transporter.
  5264 | D:5      | Entered Level 5 of the Dungeon
  5360 | D:5      | Reached skill level 8 in Fire Magic
  5546 | D:5      | Found a sand-covered staircase.
  5570 | Ossuary  | Entered an ossuary
  5617 | Ossuary  | Reached skill level 9 in Fire Magic
  5795 | Ossuary  | Reached XP level 8. HP: 39/41 MP: 19/19
  5809 | Ossuary  | Reached skill level 10 in Fire Magic
  6429 | D:6      | Reached skill level 1 in Evocations
  6524 | D:6      | Found Muhytaus's Weapon Shoppe.
  6543 | D:6      | Learned a level 2 spell: Searing Ray
  6611 | D:6      | Reached skill level 1 in Fighting
  6611 | D:6      | Reached skill level 11 in Fire Magic
  6634 | D:6      | Noticed a +0 spear
  6634 | D:6      | Noticed a +0 dagger
  6635 | D:6      | Noticed a +0 falchion
  6636 | D:6      | Noticed a +0 falchion
  6636 | D:6      | Noticed a +0 spear
  6637 | D:6      | Noticed a +0 short sword
  6638 | D:6      | Noticed a +0 short sword
  6638 | D:6      | Noticed a +0 dagger
  6643 | D:6      | Found a hide-covered altar of Uskayaw.
  6963 | D:6      | Reached XP level 9. HP: 47/47 MP: 12/22
  7415 | D:7      | Reached skill level 12 in Fire Magic
  7671 | D:7      | Found a stormy altar of Qazlal.
  7678 | D:7      | Found an iron altar of Okawaru.
  7694 | D:7      | Found a staircase to the Ecumenical Temple.
  7701 | Temple   | Entered the Ecumenical Temple
  7763 | Temple   | Became a worshipper of Vehumet
  8162 | D:7      | Found an ornate altar of the Wu Jian Council.
  8326 | D:8      | Found a shadowy altar of Dithmenos.
  8328 | D:8      | Noticed Harold
  8343 | D:8      | Killed Harold
  8344 | D:8      | Reached skill level 10 in Spellcasting
  8500 | D:8      | Reached XP level 10. HP: 53/53 MP: 20/26
  8705 | D:8      | Found an ancient bone altar of Kikubaaqudgha.
  8720 | D:8      | Noticed Joseph
  8738 | D:8      | Noticed Maggie
  8844 | D:8      | You fall into a shaft and drop 2 floors!
  8844 | D:10     | Entered Level 10 of the Dungeon
  8868 | D:10     | Found a large runed translucent door.
  8868 | D:10     | Found a large runed translucent door.
  9008 | D:9      | Noticed a two-headed ogre
  9016 | D:9      | Learned a level 2 spell: Poisonous Vapours
  9129 | D:9      | Killed a two-headed ogre
  9181 | D:9      | Noticed Erolcha
  9190 | D:9      | Killed Erolcha
  9191 | D:9      | Reached skill level 5 in Conjurations
  9191 | D:9      | Reached skill level 1 in Air Magic
  9191 | D:9      | Reached skill level 1 in Poison Magic
  9196 | D:9      | Noticed a sun demon
  9203 | D:9      | Reached * piety under Vehumet
  9203 | D:9      | Offered knowledge of Freeze by Vehumet.
  9466 | D:9      | Noticed a four-headed hydra
  9475 | D:9      | Found a staircase to the Lair.
  9516 | Lair:1   | Entered Level 1 of the Lair of Beasts
  9579 | Lair:1   | Noticed a cane toad
  9586 | Lair:1   | Killed a cane toad
  9685 | Lair:1   | Noticed a cane toad
  9692 | Lair:1   | Killed a cane toad
  9693 | Lair:1   | Reached skill level 13 in Fire Magic
  9894 | Lair:1   | Identified the +8 chain mail of Umutieco {Str+5 Int+5}
  9914 | Lair:1   | Noticed a cane toad
  9919 | Lair:1   | Learned a level 1 spell: Magic Dart
  9926 | Lair:1   | Killed a cane toad
 10112 | Lair:1   | Noticed a dire elephant
 10113 | Lair:1   | Noticed a dire elephant
 10182 | Lair:1   | Slain by a dire elephant

Illustrated notes

Levels and vault maps discovered:
D:1:      wheals_arrival_shading, layout_basic, basic_ecumenical_altar,
          minmay_pentomino_q4
D:2:      layout_loops_ring, serial_forest, infiniplex_forest_lined_room_,
          infiniplex_forest_straight_5, infiniplex_forest_clump_double,
          infiniplex_forest_fountain, infiniplex_forest_clump_small,
          minmay_snake_closets
D:3:      kennysheep_goblin_castle, layout_rooms, grunt_ashenzari_visionary
          [grunt_ashenzari_visionary_swamp, grunt_ashenzari_visionary_spider],
          old_standard_altar, lightli_sewer_entry_pipes,
          chequers_serial_rivers_large_b, minmay_misc_feat_tower
D:4:      gammafunk_cloud_chamber, layout_rooms, zin_treasury, serial_shops,
          nicolae_square_shop
D:5:      layout_loops_ring, nicolae_ossuary_entry_catacombs
D:6:      layout_gridville, nicolae_uskayaw_en_pointe, serial_shops, shop
D:7:      layout_loops_ring, okawaru_metal_pillars_1_2,
          nicolae_qazlal_scattered_showers, nicolae_wu_jian_glorious_leap,
          temple_statues
D:8:      layout_gridville, nicolae_kikubaaqudgha_miasma_corner,
          mainiacjoe_overflow_concentric_impassable, uniq_joseph, uniq_maggie,
          uniq_psyche, uniq_harold
D:9:      layout_cross, lair_entry_dummy, centaur_isle, uniq_erolcha
D:10:     layout_grid_maze, jmf_multi_god_temple2, hangedman_weighted_door,
          minivault_19
Temple:   minmay_temple_curvy_loop
Lair:1:   layout_cave_pods, nicolae_lair_lakeside_cave, lemuel_fruit_fields,
          serial_bayou_shore_a

Skill      XL: |  1  2  3  4  5  6  7  8  9 10 |
---------------+-------------------------------+-----
Fire Magic     | 4 5 6 7 9 11 12 13 | 13.2
Conjurations   | 2 4 5 |  5.9
Spellcasting   | 5 6 7 10 11 | 11.1
Evocations     | 2 3 |  3.3
Fighting       | 1 2 3 |  3.1
Air Magic      | 2 |  2.8
Poison Magic   | 3 |  3.0
Dodging        | |  2.4
Stealth        | |  2.4

Action                   |  1- 3 |  4- 6 |  7- 9 | 10-12 || total
-------------------------+-------+-------+-------+-------++-------
Melee: Dagger            |     6 |    11 |       |       ||    17
       War axe           |       |       |    10 |       ||    10
       Punch             |       |       |     1 |       ||     1
 Cast: Foxfire           |    13 |       |       |       ||    13
       Scorch            |    27 |   104 |   149 |    64 ||   344
       Conjure Flame     |       |       |     5 |     1 ||     6
       Flame Wave        |       |       |     5 |     3 ||     8
       Searing Ray       |       |       |     4 |     1 ||     5
       Poisonous Vapours |       |       |       |     7 ||     7
       Magic Dart        |       |       |       |     5 ||     5
  Use: Scroll            |       |     9 |     4 |    11 ||    24
 Stab: Sleeping          |     1 |     1 |     1 |       ||     3
Armor: Robe              |     4 |     6 |    22 |    10 ||    42
Dodge: Dodged            |    10 |    19 |    46 |    20 ||    95
